 Dungeon Crawl Stone Soup version 0.17.1-1-g73c8601 (webtiles) character file.

189 PossumBlood the Skirmisher (level 6, -15/76 HPs)
             Began as a Formicid Fighter on Jan 7, 2016.
             Demolished by Robin
             ... wielding a +0 falchion of electrocution
              (19 damage)
             ... on level 2 of the Dungeon.
             The game lasted 00:06:01 (868 turns).

PossumBlood the Skirmisher (Formicid Fighter)        Turns: 868, Time: 00:06:01

Health: -15/76     AC: 23    Str: 26 (28) XL:     6   Next: 0%
Magic:  6/6        EV:  2    Int:  7      God:
Gold:   21         SH: 10    Dex: 10      Spells: 0 memorised, 5 levels left

rFire  . . .     SeeInvis .     a - +0 war axe
rCold  . . .     Clarity  .     (armour currently unavailable)
rNeg   + + +     SustAt   .     c - +0 shield
rPois  +         Gourm    .     (helmet unavailable)
rElec  .         Spirit   .     (cloak currently unavailable)
rCorr  +         Warding  .     (gloves currently unavailable)
rMut   .         Stasis   +     (boots currently unavailable)
MR     .....                    h - amulet of resist corrosion
Stlth  +.........               (no ring)
                                (no ring)

@: mighty, lethally poisoned (-15 -> -16), tree-form, not resistant to hostile
enchantments, very unstealthy
A: permanent stasis, dig shafts and tunnels, four strong arms, (antennae 0)
a: no special abilities


You were on level 2 of the Dungeon.
You were not hungry.
You were a tree.
You visited 1 branch of the dungeon, and saw 2 of its levels.

You collected 21 gold pieces.

Inventory:

Hand Weapons
 a - a +0 war axe (weapon)
Armour
 b - a +0 scale mail (melded)
 c - a +0 shield (worn)
Jewellery
 h - an amulet of resist corrosion (around neck)
Scrolls
 g - a scroll of remove curse
 k - a scroll of magic mapping {unknown}
 l - a scroll of immolation {unknown}
Comestibles
 e - 2 bread rations


   Skills:
 + Level 5.3 Fighting
 + Level 4.2 Axes
 - Level 3.2 Armour
 - Level 3.6 Shields


You had 5 spell levels left.
You didn't know any spells.

Dungeon Overview and Level Annotations

Branches:
Dungeon (2/15)

Altars:

Annotations:
D:2 Robin


Innate Abilities, Weirdness & Mutations

You are under a permanent stasis effect.
You can dig through walls and to a lower floor.
Your four strong arms can wield two-handed weapons with a shield.
((You have a pair of large antennae on your head (SInv).))


Message History

Drink which item? (? for menu, Esc to quit)
It was a potion of lignification.
You turn into a tree.
Your +0 scale mail melds into your body.
Your roots penetrate the ground.
Robin hits you but does no damage.
Drink which item? (? for menu, Esc to quit)
It was a potion of degeneration.
There was something very wrong with that liquid.
You feel weakened. You block the goblin's attack.
Robin hits you with a falchion of electrocution.
* * * LOW HITPOINT WARNING * * *
Read which item? (? for menu, Esc to quit)
As you read the scroll labeled NAMUSCHOXYM, it crumbles to dust.
You hear the tinkle of a tiny bell.
It was a scroll of random uselessness.
You block the goblin's attack.
Read which item? (? for menu, Esc to quit)
As you read the scroll labeled GIRECU DUM DUL, it crumbles to dust.
You feel blessed for a moment.
It was a scroll of remove curse.
You feel sick. Robin hits you but does no damage.
You are electrocuted!
You die...

.# .. {g .{
.. {{# ..
{##.# {g.
#######g#
#.b.g♣gg# {
#.#######
#.# #.#
###.###
#.....#
###.#>#.####
...........#
###.#.#.##.#
.#


You could see Robin, 2 hobgoblins and 2 goblins.

Vanquished Creatures
  Sigmund (D:2)
  2 worms (D:2)
  2 giant geckos (D:1)
  A bat (D:1)
  3 giant cockroaches (D:1)
  2 hobgoblins (D:1)
  2 jackals
  2 ball pythons (D:1)
  3 giant newts (D:1)
  4 goblins
  A kobold (D:1)
  3 rats (D:1)
26 creatures vanquished.

Notes
Turn   | Place    | Note
--------------------------------------------------------------
     0 | D:1      | PossumBlood the Formicid Fighter began the quest for the Orb.
     0 | D:1      | Reached XP level 1. HP: 18/18 MP: 1/1
   216 | D:1      | Reached XP level 2. HP: 18/24 MP: 2/2
   587 | D:1      | Reached XP level 3. HP: 26/30 MP: 3/3
   812 | D:2      | Reached skill level 4 in Fighting
   831 | D:2      | Noticed Robin
   831 | D:2      | Noticed Sigmund
   864 | D:2      | Killed Sigmund
   864 | D:2      | Reached skill level 5 in Fighting
   864 | D:2      | Reached XP level 4. HP: 4/39 MP: 4/4
   864 | D:2      | Reached XP level 5. HP: 4/44 MP: 5/5
   864 | D:2      | Reached XP level 6. HP: 4/51 MP: 6/6
   868 | D:2      | Demolished by Robin

Action                   |  1- 3 |  4- 6 || total
-------------------------+-------+-------++-------
Melee: War axe           |   103 |       ||   103
  Use: Potion            |     1 |     2 ||     3
       Scroll            |       |     2 ||     2
